 Dungeon Crawl Stone Soup version 0.31.0-12-g77e489cdc1 (webtiles) character file.

Game seed: 11323241772451131425

17023 Curundu the Severer (level 12, -6/111 HPs)
             Began as a Minotaur Berserker on Feb 12, 2024.
             Was a High Priest of Trog.
             Killed from afar by a fire giant (46 damage)
             ... with a bolt of fire
             ... on level 13 of the Dungeon.
             The game lasted 00:38:02 (10378 turns).

Curundu the Severer (Minotaur Berserker)           Turns: 10378, Time: 00:38:03

Health: -6/111     AC: 17    Str: 27    XL:     12   Next: 15%
Magic:  11/11      EV: 14    Int:  4    God:    Trog [*****.]
Gold:   588        SH:  0    Dex: 10    Spells: 11/11 levels left

rFire   . . .        a - +6 war axe
rCold   . . .        (no shield)
rNeg    . . .        C - +0 plate armour
rPois   .            (helmet restricted)
rElec   .            d - +1 cloak
rCorr   .            (no gloves)
SInv    .            (no boots)
Will    +++..        (no amulet) Stlth
                     h - +5 ring of evasion
HPRegen 1.38/turn    D - ring of willpower
MPRegen 0.12/turn

%: no passive effects
@: strong-willed, regenerating
A: horns 2, retaliatory headbutt
a: Renounce Religion, Berserk, Trog's Hand, Brothers in Arms


You were on level 13 of the Dungeon.
You worshipped Trog.
Trog was extremely pleased with you.
You visited 1 branch of the dungeon, and saw 11 of its levels.

You collected 588 gold pieces.

Inventory:

Hand Weapons
 a - a +6 war axe (weapon)
Missiles
 n - 13 boomerangs (quivered)
Armour
 d - a +1 cloak (worn)
 C - a +0 plate armour (worn)
Jewellery
 h - a +5 ring of evasion (left hand)
 l - a ring of flight
 p - an amulet of the acrobat
 D - a ring of willpower (right hand)
 E - a ring of resist corrosion
 F - a ring of protection from fire
Wands
 m - a wand of roots (7)
 t - a wand of polymorph (11)
 u - a wand of charming (16)
 w - a wand of quicksilver (6)
 y - a wand of flame (27)
Scrolls
 c - a scroll of immolation {unknown}
 g - a scroll of poison
 j - 6 scrolls of revelation
 k - 2 scrolls of identify
 q - a scroll of fog
 r - 4 scrolls of fear
 v - 2 scrolls of blinking
 x - a scroll of teleportation
Potions
 b - a potion of mutation
 f - 4 potions of lignification
 i - 6 potions of curing
 o - 3 potions of berserk rage
 s - a potion of heal wounds
 z - a potion of invisibility
 A - a potion of attraction {unknown}
 B - a potion of haste
Miscellaneous
 e - a sack of spiders


   Skills:
 + Level 11.7 Fighting
 + Level 16.7 Axes
 + Level 11.9 Armour
 + Level 5.3 Dodging
 + Level 2.0 Stealth


You had 11 spell levels left.
You didn't know any spells.
Your spell library was empty.

Dungeon Overview and Level Annotations

Branches:
Dungeon (13/15)            Temple (0/1) D:6          Vaults (0/5) D:13
   Lair: D:8-11         Orc: D:9-12

Altars:
Dithmenos
Elyvilon
Sif Muna
Xom
Yredelemnul
Zin
The Shining One

Shops:
D:1 !   D:6 (

Portals:
Trove: D:12 (give 4 scrolls of blinking)


Innate Abilities, Weirdness & Mutations

You have a pair of horns on your head.
You reflexively headbutt those who attack you in melee.


Message History

Something barely misses you. Something bites you.
Something draws strength from your injuries!
You hit something but do no damage. Something hits you but does no damage.
Something bites you!
Something draws strength from your injuries!
You slice something!! Trog accepts your kill.
Trog appreciates your killing of a magic user.
Reactivating autopickup.
You feel a bit more experienced.
You feel the effects of Trog's Hand fading.
Your skin stops crawling.
You feel less strong-willed.
You open the gate.
Found four human corpses.
Found a gate to the Vaults.
A fire giant comes into view.
It is wielding a +0 great sword of flaming.
The fire giant shouts!
There is an open gate here.
The fire giant gestures at you while chanting.
The fireball explodes!
The fireball engulfs you!!
There is an open gate here.
Your skin crawls.
You feel strong-willed.
The fire giant hits you but does no damage.
You slice the fire giant!!
The fire giant is moderately wounded.
You slice the fire giant!! You headbutt the fire giant!
The fire giant is heavily wounded.
The fire giant hits you but does no damage.
You slash the fire giant!
The fire giant is severely wounded.
The fire giant gestures at you while chanting.
The fireball explodes!
The fireball engulfs you!!!
The fireball engulfs the fire giant.
The fire giant resists.
You completely miss the fire giant.
The fire giant is severely wounded.
You slash the fire giant! Your headbutt misses the fire giant.
The fire giant is severely wounded.
The fire giant casts a spell at you. The bolt of fire hits you!!!
You die...

..# ####.###.## #'####
†...... .....# #..†..#
.....# #.†∩$.#
.....###########..†..##
.....'.#......#...8...#
.....#.#......##.....#
.....#.'.<....###C''#
.....###........@...#
###+## #............#
##############


You could see a fire giant.

Vanquished Creatures
  A centaur warrior (D:13)
  2 two-headed ogres (D:12)
  A boulder beetle (D:12)
  The ghost of laqueoix the Martial Artist, a novice OpSh of Ashenzari (D:8)
  The ghost of Greth the Covert, a novice SpHu of Dithmenos (D:7)
  Pikel (D:7)
  An ugly thing (D:12)
  2 cyclopes (D:12)
  Joseph (D:7)
  A gargoyle (D:13)
  Maggie (D:6)
  An unseen horror (D:12)
  An unseen horror zombie (D:9)
  A troll (D:12)
  Grinder (D:6)
  Prince Ribbit (D:5)
  2 spriggans (D:8)
  8 slime creatures (D:12)
  2 vampires
  14 yaks
  A wraith (D:12)
  2 wyverns
  3 steam dragons
  Menkaure (D:7)
  7 vampire mosquitoes (D:12)
  An acid dragon (D:9)
  The ghost of VoidStrider the Gusty, an amateur TeAE (D:3)
  4 orc warriors
  3 black bears
  A wolf (D:8)
  3 ogres
  4 centaurs
  A lemure (D:7)
  2 bullfrogs (D:8)
  2 gnoll sergeants
  A wyvern zombie (D:9)
  8 wights
  3 killer bees (D:9)
  2 electric eels (D:7)
  4 howler monkeys (D:9)
  2 centaur zombies (D:9)
  2 bombardier beetles
  3 hounds
  A gnoll bouda (D:6)
  7 orc priests
  2 jellies (D:5)
  2 iguanas
  2 sleepcaps
  9 orc wizards
  Ijyb (D:4)
  2 killer bee zombies (D:9)
  2 hound zombies (D:4)
  3 howler monkey zombies (D:9)
  19 gnolls
  12 adders
  2 shadow imps
  4 white imps
  2 ufetubi (D:7)
  An adder zombie (D:4)
  An adder skeleton (D:4)
  5 dart slugs
  A ribbon worm (D:5)
  31 orcs
  2 bats (D:1)
  9 endoplasms
  2 giant cockroaches
  8 goblins
  5 hobgoblins
  2 jackals (D:4)
  3 quokkas
  6 ball pythons
  3 kobolds
  8 rats
262 creatures vanquished.

Notes
Turn   | Place    | Note
-------+----------+-------------------------------------------
     0 | D:1      | Curundu the Minotaur Berserker began the quest for the Orb.
     0 | D:1      | Reached XP level 1. HP: 19/19 MP: 0/0
   105 | D:1      | Reached skill level 4 in Axes
   105 | D:1      | Reached XP level 2. HP: 25/27 MP: 1/1
   231 | D:1      | Found a faded altar of an unknown god.
   291 | D:1      | Found Kolur's Distillery.
   657 | D:2      | Reached XP level 3. HP: 33/33 MP: 2/2
   736 | D:2      | Reached ** piety under Trog
   772 | D:2      | Reached skill level 5 in Axes
   772 | D:2      | Reached XP level 4. HP: 41/41 MP: 3/3
  1558 | D:3      | Found a runed translucent door.
  1565 | D:3      | Noticed VoidStrider's ghost (amateur TeAE)
  1573 | D:3      | Reached XP level 5. HP: 47/47 MP: 4/4
  1577 | D:3      | Killed VoidStrider's ghost
  1578 | D:3      | Reached skill level 6 in Axes
  1903 | D:4      | Reached skill level 1 in Stealth
  1906 | D:4      | Reached XP level 6. HP: 55/55 MP: 5/5
  1917 | D:4      | Reached skill level 5 in Fighting
  2378 | D:4      | Noticed Ijyb
  2395 | D:4      | Killed Ijyb
  2396 | D:4      | Reached skill level 7 in Axes
  2657 | D:4      | Reached XP level 7. HP: 59/61 MP: 6/6
  2914 | D:5      | Entered Level 5 of the Dungeon
  2930 | D:5      | Reached skill level 8 in Axes
  3230 | D:5      | Reached *** piety under Trog
  3238 | D:5      | Reached skill level 9 in Axes
  3273 | D:5      | Noticed Prince Ribbit
  3279 | D:5      | Reached skill level 5 in Armour
  3279 | D:5      | Reached XP level 8. HP: 48/70 MP: 7/7
  3291 | D:5      | Killed Prince Ribbit
  3982 | D:6      | Found a shadowy altar of Dithmenos.
  3999 | D:6      | Found a staircase to the Ecumenical Temple.
  4013 | D:6      | Reached skill level 10 in Axes
  4025 | D:6      | Identified the +6 mace of Wymacra {drain, *Noise rN+++
                  | Int-5 SInv}
  4153 | D:6      | Found Fuduv's Antique Weapon Emporium.
  4164 | D:6      | Noticed Grinder
  4177 | D:6      | Killed Grinder
  4200 | D:6      | Found a shimmering blue altar of Sif Muna.
  4257 | D:6      | Reached skill level 11 in Axes
  4257 | D:6      | Reached XP level 9. HP: 78/78 MP: 8/8
  4417 | D:6      | Noticed Maggie
  4431 | D:6      | Killed Maggie
  5245 | D:7      | Noticed Pikel
  5263 | D:7      | Killed Pikel
  5264 | D:7      | Reached skill level 12 in Axes
  5414 | D:7      | Noticed Menkaure
  5419 | D:7      | Killed Menkaure
  5463 | D:7      | Found a glowing golden altar of the Shining One.
  5539 | D:7      | Found a glowing silver altar of Zin.
  5541 | D:7      | Found a white marble altar of Elyvilon.
  5619 | D:7      | Found a shimmering altar of Xom.
  5877 | D:7      | Reached XP level 10. HP: 53/88 MP: 9/9
  5993 | D:7      | Found a runed translucent gate.
  5993 | D:7      | Found a runed translucent gate.
  5994 | D:7      | Found a runed translucent gate.
  6007 | D:7      | Noticed Greth's ghost (novice SpHu)
  6025 | D:7      | Killed Greth's ghost
  6026 | D:7      | Reached skill level 13 in Axes
  6063 | D:7      | Noticed Joseph
  6089 | D:7      | Killed Joseph
  6566 | D:8      | Reached **** piety under Trog
  6675 | D:8      | Reached skill level 14 in Axes
  7002 | D:8      | Reached skill level 5 in Dodging
  7188 | D:8      | Found a runed translucent door.
  7189 | D:8      | Noticed laqueoix's ghost (novice OpSh)
  7190 | D:8      | Identified the +9 spear "Eqylag" {venom, Int-5 Dex+5}
  7209 | D:8      | Killed laqueoix's ghost
  7216 | D:8      | Reached skill level 10 in Armour
  7220 | D:8      | Reached XP level 11. HP: 91/97 MP: 10/10
  7778 | D:9      | Reached skill level 15 in Axes
  7934 | D:9      | Reached skill level 10 in Fighting
  7937 | D:9      | Reached ***** piety under Trog
  7944 | D:9      | Found a basalt altar of Yredelemnul.
  7963 | D:9      | You fall into a shaft and drop 3 floors!
  7988 | D:12     | Noticed a two-headed ogre
  8000 | D:12     | Killed a two-headed ogre
  8426 | D:12     | Noticed a white ugly thing
  8435 | D:12     | Killed a white ugly thing
  8436 | D:12     | Reached skill level 16 in Axes
  8609 | D:12     | Noticed a two-headed ogre
  8627 | D:12     | Killed a two-headed ogre
  9307 | D:12     | Found a portal to a secret trove of treasure.
  9359 | D:12     | Noticed a boulder beetle
  9375 | D:12     | Killed a boulder beetle
  9503 | D:12     | Reached XP level 12. HP: 86/110 MP: 11/11
  9913 | D:13     | Noticed a centaur warrior
  9921 | D:13     | Killed a centaur warrior
 10364 | D:13     | Found a gate to the Vaults.
 10365 | D:13     | Noticed a fire giant
 10378 | D:13     | Killed from afar by a fire giant

Illustrated notes

Levels and vault maps discovered:
D:1:      minmay_arrival_loop, layout_loops_ring, ebering_ecumenical_altar_mist,
          serial_shops, shop
D:2:      layout_basic, serial_forest, infiniplex_forest_clump_curved,
          infiniplex_forest_corner_1, infiniplex_forest_lined_2,
          infiniplex_forest_clump_medium, infiniplex_forest_end_1,
          infiniplex_forest_end_2, kennysheep_cross_room
D:3:      layout_loops_ring, nicolae_ru_the_path_less_chosen,
          ebering_ghost_sewer_d, kennysheep_generic_room_16
D:4:      layout_loops_ring, mainiacjoe_ossuary_entry_find_the_door, uniq_ijyb
D:5:      layout_cave_pools, minmay_crystal_water, uniq_prince_ribbit1
D:6:      layout_basic, nicolae_dithmenos_the_darkroom,
          mainiacjoe_overflow_cross_hatched, nicolae_overflow_hidden_temple,
          minmay_temple_entry_offerings, serial_shops, shop, serial_aquarium,
          aquarium_bridge_straight [aquarium_subvault_bridge,
          aquarium_subvault_balcony, aquarium_subvault_bridge,
          aquarium_subvault_window], aquarium_window_1, aquarium_window_fake,
          aquarium_view_2d, aquarium_balcony_3b, aquarium_pool_corner,
          minmay_misc_feat_cross, minivault_5, minmay_misc_feat_rugged,
          uniq_grinder, uniq_maggie
D:7:      layout_basic, nicolae_tso_carved_into_rock,
          gammafunk_temple_overflow_forgotten, ebering_ghost_rock_garden,
          hangedman_decor_diamond_cutter, serial_bayou_lagoon_a, uniq_joseph,
          uniq_menkaure, uniq_pikel
D:8:      layout_cave_pods, ebering_ghost_funeral_grove
D:9:      layout_rooms, nicolae_yredelemnul_corpse_copse
D:12:     layout_long_grid, enter_trove_1, hangedman_abyss_or_decor_stagger
D:13:     layout_roguey, hellmonk_vaults_attempted_burglary

Skill      XL: |  1  2  3  4  5  6  7  8  9 10 11 |
---------------+----------------------------------+-----
Axes           | 4 5 6 7 9 11 12 14 16 | 16.7
Fighting       | 4 5 6 8 9 11 | 11.7
Armour         | 3 4 5 6 8 10 11 | 11.9
Stealth        | 1 2 |  2.0
Dodging        | 3 4 5 |  5.3

Action                     |  1- 3 |  4- 6 |  7- 9 | 10-12 || total
---------------------------+-------+-------+-------+-------++-------
  Melee: Hand axe          |    59 |   228 |   121 |       ||   408
         Headbutt          |     9 |    43 |    47 |    69 ||   168
         Punch             |       |     2 |     1 |     4 ||     7
         War axe           |       |       |   105 |   306 ||   411
 Invoke: Trog's Hand       |       |     4 |     9 |     9 ||    22
         Berserk           |       |     3 |     1 |     7 ||    11
    Use: Scroll            |       |       |    17 |     6 ||    23
 Armour: Animal skin       |     7 |       |       |       ||     7
         Chain mail        |    30 |    94 |   172 |    94 ||   390
         Skin              |       |    10 |       |       ||    10
         Plate armour      |       |       |       |   156 ||   156
  Dodge: Dodged            |    43 |    87 |   163 |   188 ||   481
